 Dungeon Crawl Stone Soup version 0.27-a0-385-g3208abaabc (webtiles) character file.

Game seed: 4880774027226169239

1439 tatocazan the Covert (level 8, -2/48 (54) HPs)
             Began as an Octopode Brigand on Feb 19, 2021.
             Was an Initiate of Dithmenos.
             Killed by a bolt of negative energy (28 damage)
             ... invoked by the anger of Yredelemnul
             ... on level 5 of the Dungeon.
             The game lasted 00:08:14 (6756 turns).

tatocazan the Covert (Octopode Brigand)             Turns: 6756, Time: 00:08:14

HP:   -2/48 (54)    AC:  1    Str: 10    XL:     8   Next: 74%
MP:   8/8           EV: 15    Int: 13    God:    Dithmenos [......]
Gold: 223           SH:  0    Dex: 16    Spells: 7/7 levels left

rFire    . . .     SeeInvis .   y - +2 dagger (venom)
rCold    . . .     Faith    .   (no shield)
rNeg     . . .     Spirit   .   (helmet restricted)
rPois    .         Reflect  .   (no amulet)
rElec    .         Harm     .   (no ring)
rCorr    .         Rampage  .   (no ring)
Will     .....                  (no ring)
Stlth    ++++++....             (no ring)
HPRegen  0.16/turn              (no ring)
MPRegen  0.11/turn              (no ring)
                                (no ring)
                                (no ring)

@: heavily drained
A: almost no armour, stealthy swim, amphibious, 8 rings, constrict 8, camouflage
1, gelatinous body 1
a: Renounce Religion


You were on level 5 of the Dungeon.
You worshipped Dithmenos.
Dithmenos was noncommittal.
You visited 2 branches of the dungeon, and saw 6 of its levels.
You also visited: Ossuary.

You collected 223 gold pieces.

Inventory:

Hand Weapons
 y - a +2 dagger of venom (weapon)
Missiles
 b - 29 poisoned darts (quivered)
 c - 2 curare-tipped darts
Jewellery
 e - an amulet of faith {unknown}
 w - a ring of magical power {unknown}
Wands
 m - a wand of mindburst (29)
 B - a wand of charming (10)
Scrolls
 a - a scroll of enchant weapon {unknown}
 d - 2 scrolls of amnesia {unknown}
 h - 2 scrolls of blinking
 k - 3 scrolls of teleportation
 p - 4 scrolls of identify
 t - a scroll of enchant armour {unknown}
 v - a scroll of fog {unknown}
 x - 2 scrolls of random uselessness {unknown}
 A - a scroll of magic mapping
 C - a scroll of noise {unknown}
Potions
 f - a potion of cancellation {unknown}
 g - 3 potions of haste {unknown}
 i - 3 potions of brilliance {unknown}
 j - 2 potions of mutation {unknown}
 l - a potion of might {unknown}
 n - a potion of berserk rage {unknown}
 o - 5 potions of curing
 q - a potion of attraction {unknown}
 r - a potion of lignification {unknown}
 s - 2 potions of heal wounds {unknown}
 u - a potion of flight {unknown}
 z - a potion of ambrosia {unknown}


   Skills:
 + Level 4.6 Fighting
 * Level 6.3 Short Blades
 - Level 2.0 Throwing
 + Level 4.1 Dodging
 * Level 10.2 Stealth


You had 7 spell levels left.
You didn't know any spells.
Your spell library was empty.

Dungeon Overview and Level Annotations

Branches:
Dungeon (5/15)             Temple (1/1) D:4         Ossuary (visited)

Altars:
Ashenzari
Cheibriados
Dithmenos
Elyvilon
Fedhas
Gozag
Hepliaklqana
Kikubaaqudgha
Makhleb
Nemelex Xobeh
Okawaru
Qazlal
Ru
Sif Muna
Trog
Uskayaw
Vehumet
Wu Jian
Xom
Yredelemnul
Zin
The Shining One

Annotations:
D:4 2 transporters


Innate Abilities, Weirdness & Mutations

You cannot wear most types of armour.
You are very stealthy in the water. (Stealth+)
You are amphibious.
You can wear up to eight rings at the same time.
You can use your tentacles to constrict eight enemies at once.
Your skin changes colour to match your surroundings (Stealth+).
Your rubbery body absorbs attacks. (AC +1, EV +1)


Message History

Something draws strength from your injuries!
You take 12 damage, and have 29/53 hp.
MASSIVE DAMAGE!!
You are too confused!
It was a potion of curing.
You feel better. Something hits you! Something bites you!
Something draws strength from your injuries!
You take 10 damage, and have 19/53 hp.
As you read the scroll of teleportation, it crumbles to dust.
You feel strangely unstable. Something hits you!
* * * LOW HITPOINT WARNING * * *
Something completely misses you.
You take 12 damage, and have 7/53 hp.
MASSIVE DAMAGE!!
You feel better. Something barely misses you. Something bites you!
* * * LOW HITPOINT WARNING * * *
Something draws strength from your injuries!
You regained 4 hp, and now have 11/53 hp.
Your surroundings suddenly seem different.
There is a stone staircase leading up here.
You climb upwards.
Level annotation: 2 transporters Reactivating autopickup.
There is a stone staircase leading down here.
You start resting.
You start resting.
Yredelemnul sends a servant to punish you.
A hornet zombie comes into view.
You regained 14 hp, and now have 27/53 hp.
A hornet zombie is nearby!
A hornet zombie is nearby!
You climb downwards.
There is a stone staircase leading up here.
You start resting.
Yredelemnul's anger turns toward you for a moment.
The bolt of negative energy hits you!!
You feel drained.
You take 7 damage, and have 22/51 hp.
You start resting.
Yredelemnul's anger turns toward you for a moment.
The bolt of negative energy hits you!!
You feel drained.
Ouch! That really hurt!
You die...

#.......#
##...............#####
##.....<####..######........#
#......##...## ##.......##
##.........## ##(<###..##
#######...# #..# ##..## #..##
##.## ##..## ##..# #..# ##..#
#..#########.## ##..
##..>..@.....# ##.
#########.### #. ### #. #. ##


You could see the anger of Yredelemnul (unaware).

Vanquished Creatures
  Grinder (D:5)
  A wraith (Ossuary)
  A sky beast (D:5)
  An ice beast (D:5)
  2 ogres (D:4)
  A phantom (D:5)
  A bullfrog zombie (D:5)
  3 orc priests (D:4)
  A hound (D:5)
  A centaur skeleton (D:4)
  An iguana (D:5)
  2 worker ants (D:4)
  4 orc wizards (D:4)
  3 mummies (Ossuary)
  A worker ant zombie (D:5)
  A howler monkey zombie (D:5)
  5 adders
  A howler monkey skeleton (D:4)
  3 oozes
  3 worms
  3 dart slugs
  6 leopard geckos
  20 orcs
  4 ball pythons
  6 bats
  13 giant cockroaches
  2 gnoll zombies (Ossuary)
  7 goblins
  10 hobgoblins
  12 jackals
  12 kobolds
  2 quokkas
  4 frilled lizards
  5 goblin zombies (Ossuary)
  4 hobgoblin zombies (Ossuary)
  3 kobold zombies (Ossuary)
  10 rats
160 creatures vanquished.

Notes
Turn   | Place    | Note
-------+----------+-------------------------------------------
     0 | D:1      | tatocazan the Octopode Brigand began the quest for the Orb.
     0 | D:1      | Reached XP level 1. HP: 14/14 MP: 1/1
    95 | D:1      | Reached XP level 2. HP: 10/19 MP: 2/2
   654 | D:1      | Reached XP level 3. HP: 18/24 MP: 3/3
   989 | D:2      | Reached skill level 6 in Stealth
  1116 | D:2      | Reached XP level 4. HP: 30/30 MP: 4/4
  1847 | D:3      | Reached XP level 5. HP: 28/35 MP: 5/5
  2762 | D:4      | Reached skill level 7 in Stealth
  2889 | D:4      | Found a transporter.
  2893 | D:4      | Reached XP level 6. HP: 42/42 MP: 6/6
  2923 | D:4      | Found a transporter.
  3239 | D:4      | Found a sand-covered staircase.
  3250 | Ossuary  | Entered an ossuary
  3250 | Ossuary  | Noticed a wraith
  3250 | Ossuary  | Noticed a wraith
  3250 | Ossuary  | Noticed a wraith
  3435 | Ossuary  | Noticed a wraith
  3437 | Ossuary  | Killed a wraith
  3438 | Ossuary  | Reached skill level 8 in Stealth
  3438 | Ossuary  | Reached XP level 7. HP: 46/46 MP: 7/7
  3965 | D:4      | Found a sparkling altar of Nemelex Xobeh.
  3983 | D:4      | Reached skill level 5 in Short Blades
  4026 | D:4      | Found a staircase to the Ecumenical Temple.
  4036 | Temple   | Entered the Ecumenical Temple
  4322 | Temple   | Became a worshipper of Yredelemnul the Dark
  4387 | Temple   | Fell from the grace of Yredelemnul
  4387 | Temple   | Became a worshipper of Dithmenos the Shadowed
  4740 | D:4      | Reached skill level 9 in Stealth
  4746 | D:4      | Reached XP level 8. HP: 22/54 MP: 8/8
  5176 | D:5      | Entered Level 5 of the Dungeon
  5498 | D:5      | Noticed Grinder
  5503 | D:5      | Killed Grinder
  5751 | D:5      | Reached skill level 10 in Stealth
  6550 | D:5      | Noticed a vampire
  6756 | D:5      | Killed by a bolt of negative energy

Illustrated notes

Levels and vault maps discovered:
D:1:      amcnicky_arrival_choice, layout_rooms, minmay_3d_cube
D:2:      minmay_roachtagon, layout_basic
D:3:      layout_rooms
D:4:      gammafunk_steamed_eel, layout_basic, kennysheep_mini_moat,
          minmay_temple_entry_poolview, nicolae_ossuary_entry_monument,
          minivault_25
D:5:      layout_layer_cave, minmay_misc_feat_ornament, uniq_grinder
Temple:   roderic_octagonal_lattice_temple

Skill      XL: |  1  2  3  4  5  6  7  8 |
---------------+-------------------------+-----
Stealth        | 6 7 8 9 10 | 10.2
Short Blades   | 3 4 5 6 |  6.3
Dodging        | 2 3 4 |  4.1
Fighting       | 3 4 |  4.6
Throwing       | |  2.0

Action                   |  1- 3 |  4- 6 |  7- 9 || total
-------------------------+-------+-------+-------++-------
Melee: Dagger            |    61 |   154 |   122 ||   337
       Constrict         |    14 |    37 |    18 ||    69
       Tentacles         |    12 |    30 |    27 ||    69
Throw: Dart              |       |     8 |       ||     8
  Use: Scroll            |       |     4 |     1 ||     5
       Potion            |       |       |     2 ||     2
 Stab: Sleeping          |     7 |    29 |    12 ||    48
Armor: Skin              |     6 |     7 |       ||    13
Dodge: Dodged            |    28 |    69 |    55 ||   152

Table legend: (Time is in decaauts)
 A = Elapsed time spent in this place.
 B = Non-inter-level travel time spent in this place.
 C = Inter-level travel time spent in this place.
 D = Time resting spent in this place.
 E = Time spent auto-exploring this place.
 F = Levels seen in this place.
 G = Mean time per level.
                   A        B        C        D        E       F      G
               +--------+--------+--------+--------+--------+-----+--------+
         Total |   6694 |   6604 |     90 |   1984 |   3652 |   7 |  956.3 |
       Dungeon |   5908 |   5832 |     76 |   1984 |   3053 |   5 | 1181.6 |
        Temple |    366 |    352 |     14 |      0 |    275 |   1 |  366.0 |
       Ossuary |    419 |    419 |      0 |      0 |    324 |   1 |  419.0 |
               +--------+--------+--------+--------+--------+-----+--------+

Top non-repeatable levels by time:
     D:4: 1809 daAuts
     D:5: 1479 daAuts
     D:1: 977 daAuts
     D:3: 845 daAuts
     D:2: 796 daAuts
 Ossuary: 419 daAuts
  Temple: 366 daAuts
